AoeStats
← only1

Arena

510281464Analyzed
4v4 RM · 16h ago on Sep 30, 2026· 42m 54s· 8 players
Game mode
Random Map
Map size
Large (8 player)
Population
200
Speed
Normal
Resources
Standard
Victory
Conquest
Starting age
Dark Age
Ending age
Imperial Age
RankedLock teamsTeams togetherTeam positionsShared explorationLock speedFull tech treeHidden civsTurbo modeCheats
Victory
Defeat
🇨🇳 Turks · China
961
+14
🇨🇳 Hindustanis · China
942
+15
🇨🇳 Magyars · China
926
+16
🇹🇼 Franks · Taiwan
894
+17
🇩🇪 Britons · Germany
992
-18
🇦🇷 Franks · Argentina
961
-17
🇷🇺 Wu · Russia
947
-16
🇩🇪 Huns · Germany
796
-11
158889596
11:26 Feudal Age
15:27 Castle Age
13:32 Double-Bit Axe
13:33 Horse Collar
25:40 Wheelbarrow
27:59 Hand Cart
27:54 Heavy Plow
28:15 Bow Saw
28:03 Fletching
28:14 Padded Archer Armor
29:08 Loom
33:03 Imperial Age
30:34 Bodkin Arrow
30:54 Leather Archer Armor
31:29 Thumb Ring
31:26 Husbandry
31:37 Bloodlines
31:37 Corvinian Army
31:34 Stone Mining
31:36 Gold Mining
34:10 Conscription
33:10 Elite Magyar Huszar
33:53 Recurve Bow
34:48 Gold Shaft Mining
34:47 Crop Rotation
35:19 Two-Man Saw
35:23 Parthian Tactics
35:55 Bracer
36:25 Ring Archer Armor
36:00 Scale Barding Armor
35:32 Heavy Cavalry Archer
38:20 Chemistry
37:41 Ballistics
38:42 Chain Barding Armor
42:30 Plate Barding Armor
41:40 Treadmill Crane
心死就在一瞬間
2:43 Loom
10:49 Feudal Age
16:07 Castle Age
14:27 Double-Bit Axe
14:54 Gold Mining
17:13 Bow Saw
20:23 Wheelbarrow
20:23 Fervor
20:32 Scale Barding Armor
21:05 Gold Shaft Mining
21:38 Chain Barding Armor
24:04 Forging
24:16 Hand Cart
25:21 Stone Mining
27:50 Husbandry
30:44 Imperial Age
28:30 Masonry
29:46 Iron Casting
29:12 Scale Mail Armor
31:39 Chivalry
31:55 Cavalier
32:55 Paladin
34:50 Plate Barding Armor
35:16 Blast Furnace
35:55 Chain Mail Armor
39:58 Pikeman
40:39 Squires
40:25 Arson
41:35 Halberdier
only1
8:06 Loom
9:59 Feudal Age
10:01 Loom
14:41 Castle Age
21:28 Gold Mining
30:01 Imperial Age
29:01 Wheelbarrow
28:11 Town Watch
28:17 Horse Collar
29:15 Gold Shaft Mining
28:31 Stone Mining
29:32 Double-Bit Axe
29:55 Squires
29:41 Arson
30:06 Husbandry
30:18 Siege Elephant
31:31 Bloodlines
32:13 Hoardings
32:48 Chemistry
32:14 Conscription
32:36 Heavy Camel Rider
34:07 Fortified Wall
34:38 Imperial Camel Rider
39:03 Scale Barding Armor
39:09 Forging
41:14 Stone Shaft Mining
40:56 Hand Cart
40:42 Town Patrol
42:26 Chain Barding Armor
42:42 Iron Casting
42:41 Bow Saw
42:47 Heavy Plow
屠夫
7:21 Loom
10:57 Feudal Age
15:15 Castle Age
13:20 Horse Collar
14:02 Double-Bit Axe
16:30 Bow Saw
17:01 Heavy Plow
20:48 Town Watch
22:44 Wheelbarrow
23:55 Hand Cart
24:46 Gold Mining
27:05 Gold Shaft Mining
26:48 Bloodlines
29:27 Imperial Age
28:17 Scale Barding Armor
28:15 Padded Archer Armor
28:43 Forging
28:40 Husbandry
29:22 Town Patrol
30:42 Chain Barding Armor
31:29 Iron Casting
31:11 Leather Archer Armor
33:41 Artillery
34:25 Ring Archer Armor
34:31 Plate Barding Armor
35:29 Two-Man Saw
35:38 Bombard Tower
36:25 Blast Furnace
36:06 Conscription
36:44 Heavy Cavalry Archer
37:49 Parthian Tactics
37:41 Fletching
39:17 Bodkin Arrow
39:49 Ballistics
40:35 Bracer
RECOIL
13:54 Feudal Age
12:10 Loom
17:00 Wheelbarrow
17:09 Town Watch
17:07 Horse Collar
17:15 Double-Bit Axe
17:22 Stone Mining
17:25 Gold Mining
24:54 Castle Age
26:27 Hand Cart
26:15 Heavy Plow
26:27 Bow Saw
26:54 Gold Shaft Mining
26:55 Stone Shaft Mining
27:47 Murder Holes
28:14 Masonry
31:01 Town Patrol
36:33 Fletching
37:09 Ballistics
36:30 Treadmill Crane
39:30 Imperial Age
Wowa94
10:43 Feudal Age
10:15 Loom
13:01 Double-Bit Axe
13:04 Horse Collar
15:37 Castle Age
13:38 Stone Mining
13:47 Gold Mining
17:01 Fervor
18:03 Bow Saw
17:56 Heavy Plow
19:03 Gold Shaft Mining
20:35 Wheelbarrow
20:46 Ballistics
20:30 Fletching
22:12 Treadmill Crane
23:27 Bodkin Arrow
25:03 Padded Archer Armor
26:16 Leather Archer Armor
26:35 Town Watch
27:53 Murder Holes
28:15 Masonry
28:11 Squires
28:08 Arson
28:49 Forging
30:39 Hand Cart
31:00 Fortified Wall
31:39 Iron Casting
31:09 Scale Mail Armor
32:41 Yeomen
35:10 Imperial Age
34:36 Chain Mail Armor
33:47 Pikeman
35:26 Town Patrol
35:11 Elite Longbowman
36:11 Conscription
36:28 Hoardings
35:54 Warwolf
36:09 Bracer
36:40 Ring Archer Armor
38:20 Chemistry
37:51 Architecture
38:04 Halberdier
41:06 Plate Mail Armor
41:36 Blast Furnace
41:10 Plate Mail Armor
Бябрик
10:46 Feudal Age
16:19 Castle Age
14:43 Double-Bit Axe
15:38 Wheelbarrow
14:46 Horse Collar
15:53 Double-Bit Axe
18:41 Hand Cart
19:10 Bow Saw
20:09 Heavy Plow
25:38 Gold Mining
26:23 Forging
26:19 Scale Barding Armor
27:35 Gold Shaft Mining
30:07 Husbandry
30:18 Bloodlines
30:50 Iron Casting
31:04 Chain Barding Armor
40:44 Imperial Age
40:47 Cavalier
42:31 Blast Furnace
42:06 Plate Barding Armor
42:06 Paladin
corazon de seda
11:16 Feudal Age
18:17 Castle Age
16:26 Double-Bit Axe
21:04 Bow Saw
21:33 Stone Mining
21:58 Gold Mining
23:19 Gold Shaft Mining
30:49 Imperial Age
29:53 Wheelbarrow
29:55 Scale Barding Armor
30:00 Forging
30:13 Husbandry
31:32 Cavalier
33:06 Conscription
33:02 Paladin
34:25 Hand Cart
34:35 Chivalry
36:24 Iron Casting
36:10 Chain Barding Armor
Connection lost

Rejoining the realm…

Still unreachable

The connection could not be restored.

Session expired

The server has moved on; the page needs a fresh start.